 Dungeon Crawl Stone Soup version 0.23.2-40-g277498a001 (webtiles) character file.

Game seed: 5711873526695326938

291280 Marnok the Hoplite (level 19, -1/169 (174) HPs)
             Began as a Minotaur Fighter on Oct 9, 2019.
             Was a High Priest of Jiyva.
             Killed by divine providence
             ... invoked by a mummy priest
              (13 damage)
             ... on level 1 of the Tomb of the Ancients.
             The game lasted 03:13:55 (30492 turns).

Marnok the Hoplite (Minotaur Fighter)              Turns: 30492, Time: 03:13:55

HP:   -1/169 (174)  AC: 29    Str: 30    XL:     19   Next: 96%
MP:   30/30         EV: 28    Int:  8    God:    Jiyva [*****.]
Gold: 1467          SH: 38    Dex: 35    Spells: 18/18 levels left

rFire    + + .     SeeInvis .   G - +5 trident "Urphain" {venom, Str+4}
rCold    + + .     Gourm    .   e - +7 large shield "Vamaitohu" {rF+ rN+ Dex+3}
rNeg     + + .     Faith    .   A - +8 ice dragon scales of Laun {rF- rC++ Regen+ Str+3}
rPois    +         Spirit   .   x - +3 hat of Pondering {ponderous, MR+ MP+10 Int+5}
rElec    +         Reflect  +   L - +2 cloak
rCorr    +         Harm     .   M - +2 pair of gloves
MR       +++..                  h - +0 pair of boots of Liett {Dex+4 Slay+2} (curse)
Stlth    ++........             C - +2 amulet of reflection
HPRegen  0.78/turn              y - ring "Domim" {rN+ Str+10}
MPRegen  0.22/turn              m - ring "Xiosered" {rElec rPois MR+ Slay+2}

@: marked, flayed, hasted, lightly drained, very quick
A: retaliatory headbutt, horns 2, talons 2, repulsion field 1, fire resistance
2, high mp 1, acidic bite, pseudopods 1
}: 2/15 runes: barnacled, slimy
a: Request Jelly, Slimify, Cure Bad Mutation, Renounce Religion


You were on level 1 of the Tomb of the Ancients.
You worshipped Jiyva.
Jiyva was extremely pleased with you.
You were very full.

You visited 10 branches of the dungeon, and saw 41 of its levels.
You visited the Abyss 1 time.
You also visited: Gauntlet and Ice Cave.

You collected 3439 gold pieces.
You spent 1972 gold pieces at shops.

Inventory:

Hand Weapons
 v - the +11 dagger "Nimojen" {pierce, rElec rF++}
   (You found it on level 3 of the Crypt)

   It inflicts extra damage upon your enemies.
   It greatly protects you from fire.
   It insulates you from electricity.
 G - the +5 trident "Urphain" (weapon) {venom, Str+4}
   (You found it on level 6 of the Dungeon)

   It poisons the flesh of those it strikes.
   It affects your strength (+4).
Missiles
 i - 8 tomahawks of returning
 V - 3 javelins of penetration (quivered)
Armour
 e - the +7 large shield "Vamaitohu" (worn) {rF+ rN+ Dex+3}
   (You found it on level 3 of the Elven Halls)

   It affects your dexterity (+3).
   It protects you from fire.
   It protects you from negative energy.
 h - the cursed +0 pair of boots of Liett (worn) {Dex+4 Slay+2}
   (You found it on level 1 of the Tomb of the Ancients)

   It affects your dexterity (+4).
   It affects your accuracy and damage with ranged weapons and melee attacks
   (+2).
   It has a curse placed upon it.
 x - the +3 hat of Pondering (worn) {ponderous, MR+ MP+10 Int+5}
   (You acquired it on level 6 of the Dungeon)

   It affects your intelligence (+5).
   It affects your resistance to hostile enchantments.
   It affects your magic capacity (+10).
 A - the +8 ice dragon scales of Laun (worn) {rF- rC++ Regen+ Str+3}
   (You found it in an ice cave)

   It affects your strength (+3).
   It makes you vulnerable to fire.
   It greatly protects you from cold.
   It increases your rate of regeneration.
 L - a +2 cloak (worn)
 M - a +2 pair of gloves (worn)
Jewellery
 d - an uncursed ring of wizardry
 m - the ring "Xiosered" (right hand) {rElec rPois MR+ Slay+2}
   (You bought it in a shop on level 2 of the Elven Halls)

   [ring of poison resistance]

   It affects your accuracy and damage with ranged weapons and melee attacks
   (+2).
   It insulates you from electricity.
   It protects you from poison.
   It affects your resistance to hostile enchantments.
 o - an uncursed ring of see invisible
 y - the ring "Domim" (left hand) {rN+ Str+10}
   (You found it on level 11 of the Dungeon)

   [ring of positive energy]

   It affects your strength (+10).
   It protects you from negative energy.
 C - a +2 amulet of reflection (around neck)
 U - an uncursed ring of positive energy
 Z - the ring of Yleutugh {rElec MP+9 Str+3 Int+4}
   (You took it off a deep elf annihilator on level 3 of the Elven Halls)

   [ring of magical power]

   It affects your strength (+3).
   It affects your intelligence (+4).
   It insulates you from electricity.
   It affects your magic capacity (+9).
Wands
 b - a wand of paralysis (37)
 l - a wand of enslavement (8)
 p - a wand of flame (13)
 q - a wand of polymorph (23)
 t - a wand of scattershot (7)
 E - a wand of digging (23)
 F - a wand of random effects (69)
 I - a wand of iceblast (12)
 K - a wand of disintegration (18)
Scrolls
 c - a scroll of identify
 w - a scroll of enchant weapon
 B - 11 scrolls of remove curse
 S - 2 scrolls of magic mapping
 X - a scroll of amnesia
Potions
 g - 5 potions of curing
 k - 7 potions of magic
 s - 5 potions of flight
 z - 3 potions of agility
 H - 5 potions of brilliance
 R - a potion of ambrosia
 W - a potion of haste
Miscellaneous
 n - 2 sacks of spiders
 D - a fan of gales (inert)
 N - a lamp of fire
 O - a phial of floods (inert)
 P - a lightning rod (4/4)
 Q - a phial of floods (inert)
Comestibles
 f - 47 rations


   Skills:
 + Level 16.9(16.7) Fighting
   Level 8.2(8.1) Long Blades
 + Level 18.0(17.8) Polearms
 + Level 3.7(3.5) Throwing
 + Level 13.1(13.0) Armour
 + Level 13.4(13.3) Dodging
 + Level 5.0(4.9) Stealth
 + Level 25.3(25.1) Shields
 + Level 0.7(0.6) Evocations


You had 18 spell levels left.
You didn't know any spells.
Your spell library contained the following spells:

 Spells                   Type           Power        Failure   Level  Hunger
 Apportation              Tloc           #.....       63%         1    ##.....
 Beastly Appendage        Tmut           #.....       63%         1    ##.....
 Confusing Touch          Hex            #.....       63%         1    ##.....
 Corona                   Hex            #......      63%         1    ##.....
 Flame Tongue             Conj/Fire      #....        63%         1    ##.....
 Freeze                   Ice            #...         63%         1    ##.....
 Magic Dart               Conj           #...         63%         1    ##.....
 Sandblast                Erth           #.....       63%         1    ##.....
 Passwall                 Tmut/Erth      #.......     77%         2    ###....
 Searing Ray              Conj           #.....       77%         2    ###....
 Sticks to Snakes         Tmut           #.......     77%         2    ###....
 Throw Flame              Conj/Fire      #.....       77%         2    ###....
 Throw Frost              Conj/Ice       #.....       77%         2    ###....
 Confuse                  Hex            #.......     94%         3    ####...
 Conjure Flame            Conj/Fire      #.......     94%         3    ####...
 Dazzling Spray           Conj/Hex       #.....       94%         3    ####...
 Gell's Gravitas          Tloc           #.........   94%         3    ####...
 Ignite Poison            Fire/Tmut/Pois #.......     94%         3    ####...
 Inner Flame              Hex/Fire       #.......     94%         3    ####...
 Stone Arrow              Conj/Erth      #.....       94%         3    ####...
 Force Lance              Conj/Tloc      #.......     100%        4    #####..
 Fulminant Prism          Conj/Hex       #.........   100%        4    #####..
 Ice Form                 Ice/Tmut       #.......     100%        4    #####..
 Iskenderun's Mystic Bla  Conj           #.......     100%        4    #####..
 Leda's Liquefaction      Hex/Erth       #.........   100%        4    #####..
 Petrify                  Tmut/Erth      #.......     100%        4    #####..
 Sticky Flame             Conj/Fire      #.......     100%        4    #####..
 Fireball                 Conj/Fire      #.........   100%        5    ######.
 Lee's Rapid Deconstruct  Erth           #.........   100%        5    ######.
 Metabolic Englaciation   Hex/Ice        #.........   100%        5    ######.
 Venom Bolt               Conj/Pois      #.........   100%        5    ######.
 Yara's Violent Unravell  Hex/Tmut       #.........   100%        5    ######.
 Bolt of Fire             Conj/Fire      #.........   100%        6    #######
 Ring of Flames           Chrm/Fire      #.........   100%        7    #######
 Spellforged Servitor     Conj/Summ      #.........   100%        7    #######
 Ignition                 Fire           #.........   100%        8    #######
 Shatter                  Erth           #.........   100%        9    #######


Dungeon Overview and Level Annotations

Branches:
Dungeon (14/15)            Temple (1/1) D:5            Lair (6/6) D:9
 Shoals (4/4) Lair:3        Slime (5/5) Lair:5          Orc (2/2) D:9
    Elf (3/3) Orc:2        Vaults (2/5) D:13          Crypt (3/3) Vaults:2
   Tomb (1/3) Crypt:3
  Snake: Lair:2-4    Spider: Lair:2-4

Altars:
Ashenzari
Dithmenos
Gozag
Kikubaaqudgha
Okawaru
Trog
Xom
Zin
Jiyva

Shops:
D:4 *   D:6 *   Orc:2 *=%:   Elf:2 =   Elf:3 ?   Shoals:3 (?!   Shoals:4 }
Vaults:1 *

Portals:
Trove: Elf:3 (give 4 potions of resistance)

Annotations:
Slime:4 Dissolution
Slime:5 Royal Jelly


Innate Abilities, Weirdness & Mutations

You reflexively headbutt those who attack you in melee.
You have a pair of horns on your head.
You have razor-sharp toenails.
You are surrounded by a mild repulsion field. (EV +2)
Your flesh is very heat resistant. (rF++)
You have an increased reservoir of magic. (+10% MP)
You have acidic saliva.
Armour fits poorly on your pseudopods.


Message History

The flayed ghost cries, "Feel what I felt!"
Terrible wounds spread across more of your body!
* * * LOW HITPOINT WARNING * * *
The mummy priest calls on the powers of darkness!
Your body is wracked with pain!
* * * LOW HITPOINT WARNING * * *
Something is bathed in an unholy light!
The vampire is caught in a web!
You feel yourself speed up. You block the smoke demon's attack. x3
The mummy priest mumbles some strange prayers to its god against you.
Something smites you!
* * * LOW HITPOINT WARNING * * *
The flayed ghost cries, "Feel what I felt!"
The vampire casts a spell.
The vampire flickers and vanishes!
Deactivating autopickup; reactivate with Ctrl-A.
Something you can't see is thrashing in a web.
The neqoxec gestures.
The mummy priest calls down the wrath of its god upon you.
Something smites you!
You die...

#..8.†.H.8..# #...........#
#.a.........# ###§WMZ.5.###
##W'3''## #.5Z{...# #W8W5.8.#
#3......# #@......# #.8...8.#
#.......# #......)# #.8...8.#
#.......# #.......# #.8...8.#
################.......##########


You could see a mummy priest, a flayed ghost, a phantasmal warrior, a freezing
wraith, a smoke demon, a neqoxec, a shadow, an iron imp, a crimson imp, an
ufetubus and 2 shadow dragon zombies.

Vanquished Creatures
  An ancient lich (Crypt:3)
  A bone dragon (Crypt:3)
  2 liches (Crypt:3)
  3 deep elf blademasters
  Asterion (Elf:3)
  4 sphinxes (Tomb:1)
  A tentacled starspawn (Abyss:2)
  A kraken (Shoals:3)
  3 ancient champions
  A revenant (Tomb:1)
  2 deep elf sorcerers
  The ghost of kalagan the Geomancer, a journeyman GrEE of Sif Muna (Elf:1)
  2 deep elf elementalists
  4 war gargoyles (Crypt:3)
  2 ironheart preservers (Vaults:2)
  A stone giant (Vaults:1)
  2 bennus (Tomb:1)
  4 vampire knights
  3 deep elf demonologists (Elf:3)
  6 deep elf annihilators
  Nessos (D:12)
  3 merfolk javelineers
  2 eidola (Crypt:1)
  A minotaur (Gauntlet)
  Snorg (Orc:1)
  3 crystal guardians (Crypt:3)
  7 deep elf death magi
  6 merfolk impalers
  The ghost of kalagan the Geomancer, a journeyman GrEE of Sif Muna (Lair:4)
  2 fire dragons
  5 mummy priests (Tomb:1)
  A yaktaur captain (Vaults:1)
  Erolcha (D:10)
  3 deep elf high priests (Elf:3)
  The ghost of grouchysmurf the Carver, a journeyman MiBe of Trog (D:11)
  The ghost of scorp85 the Grappler, a journeyman TrFi of Okawaru (D:11)
  Fannar (Lair:3)
  An ice dragon (Vaults:2)
  2 catoblepae
  A quicksilver dragon skeleton (Crypt:3)
  2 merfolk aquamancers
  2 vault guards (D:13)
  10 hydras
  Erica (Lair:2)
  2 alligator snapping turtles
  A satyr (Shoals:3)
  The ghost of emiel the Cleaver, a novice MiBe of Trog (Lair:1)
  3 ogre magi
  2 death knights
  38 dancing weapons
  A deep troll earth mage (Vaults:2)
  6 merfolk avatars
  12 two-headed ogres
  4 death yaks (Lair:4)
  Urug (Lair:4)
  4 death scarabs
  A soul eater (Crypt:1)
  3 thrashing horrors (Abyss:2)
  15 deep elf knights
  The ghost of Araneus the Nimble, a journeyman SpEn of Okawaru (D:11)
  2 wretched stars (Abyss:2)
  Nergalle (D:12)
  A shadow wraith (Crypt:1)
  6 hell knights (Crypt:3)
  A spectral catoblepas (Gauntlet)
  2 golden dragon zombies (Crypt:3)
  30 skeletal warriors
  4 storm dragon skeletons
  2 flayed ghosts
  3 spectral hydras (Lair:4)
  9 sea snakes
  An anaconda zombie (Crypt:3)
  4 deep trolls
  2 unseen horrors
  12 deep elf archers
  5 phantasmal warriors
  A lindwurm (Lair:6)
  An ironbrand convoker (Vaults:1)
  47 deep elf magi
  A wolf spider zombie (Crypt:3)
  3 orc knights
  8 necromancers
  A golden dragon skeleton (Crypt:2)
  5 orc sorcerers
  3 fauns (Shoals:2)
  11 ugly things
  2 fire giant zombies (Crypt:3)
  2 frost giant zombies (Crypt:1)
  A stone giant zombie (Tomb:1)
  10 cyclopes
  7 manticores
  A wolf spider (Vaults:1)
  8 black mambas
  2 vault sentinels
  Maurice (D:8)
  3 ice statues (IceCv)
  7 merfolk sirens
  4 water nymphs
  3 molten gargoyles (Lair:6)
  A stone giant skeleton (Crypt:1)
  10 elephants (Lair:6)
  6 spiny frogs
  A smoke demon (Abyss:2)
  A centaur skeleton (D:10)
  2 yaktaurs (Vaults:1)
  2 rime drakes (Lair:6)
  2 dire elephant skeletons (Crypt:3)
  4 freezing wraiths
  6 guardian mummies
  7 komodo dragons
  11 trolls
  A purple draconian zombie (Crypt:2)
  3 meliai (D:14)
  A hydra zombie (Crypt:1)
  A harpy zombie (Crypt:3)
  13 merfolk
  3 wind drakes
  2 queen bees
  Grinder (D:3)
  4 hornets
  10 blink frogs
  10 hippogriffs
  6 snapping turtles
  A raiju (Abyss:2)
  8 slime creatures
  13 dream sheep
  A stone giant simulacrum (Vaults:2)
  An air elemental (Elf:1)
  35 flying skulls
  2 large abominations (Abyss:2)
  10 water elementals
  7 wraiths
  2 ynoxinuls (Abyss:2)
  27 yaks
  A spriggan (shapeshifter) (Vaults:1)
  A human (D:13)
  4 shadows
  A vampire (D:13)
  6 wyverns
  6 ushabtiu (Tomb:1)
  An ettin skeleton (Crypt:3)
  4 basilisks
  4 fire elementals
  2 hungry ghosts (D:8)
  2 steam dragons (Lair:6)
  A spectral spiny frog (Lair:4)
  5 hell hounds (Lair:6)
  2 soldier ants (D:13)
  6 acid dragons
  9 wargs
  A hydra simulacrum (Lair:4)
  A merfolk skeleton (Crypt:3)
  A faun skeleton (Crypt:1)
  14 water moccasins
  5 porcupines
  A deep troll skeleton (Crypt:1)
  20 orc warriors
  4 sky beasts
  A black bear (D:8)
  2 elephant zombies (Crypt:1)
  10 ice beasts
  A phantom (D:6)
  3 boggarts (Vaults:2)
  3 necrophages
  31 ogres
  12 wolves
  13 centaurs
  A hog zombie (Crypt:1)
  6 crocodiles
  An elf zombie (Crypt:3)
  A big kobold (D:9)
  12 bullfrogs
  5 earth elementals
  2 small abominations (Abyss:2)
  2 gnoll sergeants (D:9)
  5 scorpions
  24 killer bees
  10 wights
  6 howler monkeys
  6 crimson imps
  4 lava snakes (Lair:6)
  3 centaur zombies
  A bullfrog zombie (D:6)
  7 hounds
  9 jellies
  2 quasits
  3 bullfrog skeletons
  18 orc priests
  19 orc wizards
  6 iguanas
  5 worker ants
  Ijyb (D:3)
  2 hound skeletons
  10 mummies (Tomb:1)
  A howler monkey zombie (D:6)
  8 gnolls (D:9)
  13 adders
  A white imp (Abyss:2)
  2 oozes (D:3)
  3 adder skeletons
  An adder zombie (D:10)
  5 worms
  4 dart slugs
  A leopard gecko (D:10)
  77 orcs
  4 giant cockroaches
  14 hobgoblins
  10 jackals
  10 kobolds
  5 quokkas
  3 ball pythons
  4 bats
  5 frilled lizards
  6 goblins
  A kobold skeleton (Crypt:3)
  A leopard gecko skeleton (D:9)
  A leopard gecko zombie (D:8)
  A quokka skeleton (D:6)
  A quokka zombie (D:5)
  10 rats
  2 crawling corpses (Elf:3)
  2 tentacles (Shoals:3)
1176 creatures vanquished.

Vanquished Creatures (collateral kills)
  A deep elf demonologist (Elf:3)
  A merfolk javelineer (Shoals:4)
  A merfolk impaler (Shoals:4)
3 creatures vanquished.

Vanquished Creatures (others)
  A greater mummy (Tomb:1)
  2 deep elf master archers (Elf:3)
  An acid blob (Elf:3)
  An azure jelly (Elf:3)
  An ironheart preserver (Vaults:1)
  3 deep elf demonologists (Elf:3)
  5 death oozes
  A deep elf high priest (Elf:3)
  A yaktaur captain (Vaults:1)
  A great orb of eyes (Vaults:2)
  A vault guard (D:13)
  2 dancing weapons
  A death yak (Lair:4)
  A death knight (Crypt:1)
  2 death scarabs (Tomb:1)
  2 deep elf knights
  A soul eater (Crypt:1)
  A skeletal warrior (Crypt:1)
  A wizard (Vaults:1)
  A phantasmal warrior (Crypt:1)
  A spectral hydra (Lair:4)
  6 deep elf archers
  An orc knight (Vaults:1)
  16 deep elf magi
  A harpy (Shoals:4)
  An orc sorcerer (D:13)
  2 manticores
  4 cyclopes
  2 merfolk sirens (Shoals:4)
  A vault sentinel (Vaults:1)
  A shock serpent zombie (Crypt:1)
  A freezing wraith (Crypt:1)
  4 yaktaurs (Vaults:1)
  8 slime creatures
  2 wind drakes
  A tengu conjurer (D:13)
  2 dream sheep (Shoals:4)
  A shadow (Gauntlet)
  A flying skull (Crypt:3)
  A redback (shapeshifter) (Abyss:2)
  A water elemental (Shoals:1)
  A human (D:13)
  A golden eye (shapeshifter) (Elf:3)
  A warg (Vaults:1)
  A water moccasin (Lair:2)
  2 orc warriors (Vaults:1)
  A centaur (Shoals:2)
  A boggart (Vaults:2)
  2 bullfrogs
  147 jellies
  An adder (Lair:3)
  2 orcs (Vaults:1)
  A ball python (Lair:3)
  A giant cockroach zombie (Crypt:2)
  A crawling corpse (Elf:3)
  7 fungi
  7 plants
  A starspawn tentacle (Abyss:2)
  28 tentacles (Shoals:3)
  2 withered plants (D:11)
296 creatures vanquished.

Grand Total: 1475 creatures vanquished

Notes
Turn   | Place    | Note
-------+----------+-------------------------------------------
     0 | D:1      | Marnok the Minotaur Fighter began the quest for the Orb.
     0 | D:1      | Reached XP level 1. HP: 19/19 MP: 0/0
   141 | D:1      | Reached XP level 2. HP: 20/27 MP: 1/1
   611 | D:3      | Found an opulent altar of Gozag.
   752 | D:2      | Reached XP level 3. HP: 33/33 MP: 2/2
   906 | D:2      | Reached skill level 4 in Shields
  1341 | D:4      | Found Fytsucef's Assorted Antiques.
  1349 | D:4      | Bought a murky dark potion for 24 gold pieces
  1349 | D:4      | Bought a murky dark potion for 24 gold pieces
  1349 | D:4      | Bought a blue potion for 24 gold pieces
  1380 | D:4      | Reached XP level 4. HP: 24/41 MP: 3/3
  1494 | D:4      | Found an ancient bone altar of Kikubaaqudgha.
  1577 | D:4      | Reached skill level 5 in Shields
  1577 | D:4      | Reached XP level 5. HP: 37/47 MP: 4/4
  1670 | D:4      | Found a shadowy altar of Dithmenos.
  2015 | D:4      | Reached skill level 5 in Fighting
  2142 | D:4      | Noticed an ogre
  2150 | D:4      | Killed an ogre
  2150 | D:4      | Reached XP level 6. HP: 48/56 MP: 5/5
  2365 | D:3      | Noticed Ijyb
  2375 | D:3      | Killed Ijyb
  2375 | D:3      | Reached skill level 5 in Long Blades
  2449 | D:3      | Noticed Grinder
  2456 | D:3      | Paralysed by Grinder for 2 turns
  2464 | D:3      | Killed Grinder
  2464 | D:3      | Reached skill level 1 in Dodging
  2464 | D:3      | Reached skill level 6 in Shields
  2464 | D:3      | Reached XP level 7. HP: 36/61 MP: 6/6
  2615 | D:3      | Found a shattered altar of Ashenzari.
  2988 | D:3      | Reached skill level 5 in Armour
  3255 | D:5      | Entered Level 5 of the Dungeon
  3299 | D:5      | Identified An Introduction to Witchery
  3397 | D:5      | Noticed a moth of wrath
  3399 | D:5      | Found a bloodstained altar of Trog.
  3462 | D:5      | Found a glowing silver altar of Zin.
  3550 | D:5      | Found a staircase to the Ecumenical Temple.
  3965 | D:6      | Got a shimmering trident
  3968 | D:6      | Identified a scroll of acquirement
  3969 | D:6      | Found the +3 hat of Pondering {ponderous, MR+ MP+10 Int+5}
  3975 | D:6      | Identified the +5 trident "Urphain" {venom, Str+4} (You
                  | found it on level 6 of the Dungeon)
  4035 | D:6      | Found Lylil Han's General Store.
  4043 | D:6      | Bought a potion of flight for 33 gold pieces
  4043 | D:6      | Bought a scroll of teleportation for 33 gold pieces
  4076 | D:6      | Reached XP level 8. HP: 70/70 MP: 7/7
  4274 | D:6      | Reached skill level 1 in Polearms
  4635 | D:8      | Reached skill level 7 in Shields
  4901 | D:8      | Noticed Maurice
  4904 | D:8      | Reached skill level 8 in Shields
  4904 | D:8      | Reached XP level 9. HP: 61/78 MP: 8/8
  4931 | D:8      | Reached skill level 5 in Polearms
  4936 | D:8      | Killed Maurice
  4936 | D:8      | Reached skill level 1 in Stealth
  5142 | D:8      | Got a faintly humming leather armour
  5153 | D:8      | Identified the cursed +0 leather armour of Noawis {Str-5
                  | Dex+2 Stlth+} (You found it on level 8 of the Dungeon)
  5541 | D:9      | Found a staircase to the Orcish Mines.
  5568 | D:9      | Reached skill level 9 in Shields
  5607 | D:9      | Found a staircase to the Lair.
  5782 | D:9      | Reached XP level 10. HP: 74/86 MP: 9/9
  6263 | D:10     | Entered Level 10 of the Dungeon
  6667 | D:11     | Noticed an eight-headed hydra
  6696 | D:10     | Noticed a two-headed ogre
  6699 | D:10     | Identified the cursed +2 spear "Daykk" {vamp, *Drain MR+
                  | Int+4}
  6711 | D:10     | Reached skill level 5 in Dodging
  6736 | D:9      | Reached skill level 10 in Shields
  7102 | Temple   | Entered the Ecumenical Temple
  7120 | Temple   | Gained mutation: You are weak. (Str -2) [potion of
                  | mutation]
  7120 | Temple   | Gained mutation: You are very weak. (Str -4) [potion of
                  | mutation]
  7120 | Temple   | Gained mutation: You have a pair of large horns on your
                  | head. [potion of mutation]
  7120 | Temple   | Gained mutation: You are somewhat resistant to further
                  | mutation. [potion of mutation]
  7121 | Temple   | Lost mutation: You have a pair of large horns on your head.
                  | [potion of mutation]
  7121 | Temple   | Lost mutation: You are somewhat resistant to further
                  | mutation. [potion of mutation]
  7121 | Temple   | Lost mutation: You are very weak. (Str -4) [potion of
                  | mutation]
  7121 | Temple   | Lost mutation: You are weak. (Str -2) [potion of mutation]
  7121 | Temple   | Gained mutation: You evolve. [potion of mutation]
  7121 | Temple   | Gained mutation: Your flesh is cold resistant. (rC+)
                  | [potion of mutation]
  7350 | D:10     | Noticed Erolcha
  7365 | D:10     | Killed Erolcha
  7365 | D:10     | Reached skill level 10 in Polearms
  7478 | D:10     | Killed a two-headed ogre
  7478 | D:10     | Reached XP level 11. HP: 66/95 MP: 10/10
  7942 | D:10     | Killed an eight-headed hydra
  7942 | D:10     | Reached skill level 11 in Shields
  8160 | D:12     | Noticed Nessos
  8244 | D:12     | Noticed a green ugly thing
  8251 | D:12     | Killed a green ugly thing
  8279 | D:11     | Noticed a brown ugly thing
  8290 | D:11     | Killed a brown ugly thing
  8292 | D:11     | Noticed a cyan ugly thing
  8302 | D:11     | Killed a cyan ugly thing
  8361 | D:11     | Found a runed translucent gate.
  8361 | D:11     | Found a runed translucent gate.
  8362 | D:11     | Found a runed translucent gate.
  8362 | D:11     | Noticed scorp85's ghost (journeyman TrFi)
  8364 | D:11     | Noticed grouchysmurf's ghost (journeyman MiBe)
  8364 | D:11     | Noticed Araneus's ghost (journeyman SpEn)
  8519 | D:11     | Killed grouchysmurf's ghost
  8522 | D:11     | Killed scorp85's ghost
  8544 | D:11     | Killed Araneus's ghost
  8562 | D:11     | Got a shimmering bone ring
  8568 | D:11     | Got a fine battleaxe
  8739 | D:11     | Identified the +3 battleaxe "Reopraz" {elec, Str+6} (You
                  | found it on level 11 of the Dungeon)
  8740 | D:11     | Gained mutation: Your muscles are strong. (Str +2)
                  | [evolution]
  8828 | D:13     | Noticed a deep elf mage
  8858 | D:13     | Found a frozen archway.
  8866 | D:13     | Noticed a catoblepas
  8874 | IceCv    | Entered an ice cave
  8903 | IceCv    | Reached XP level 12. HP: 65/104 MP: 11/11
  9059 | IceCv    | Got an ancient ring mail
  9568 | IceCv    | Identified the +4 ring mail of Veyr {rF+} (You found it in
                  | an ice cave)
  9612 | IceCv    | Got scorched ice dragon scales
  9623 | IceCv    | Identified the +8 ice dragon scales of Laun {rF- rC++
                  | Regen+ Str+3} (You found it in an ice cave)
  9682 | IceCv    | Reached skill level 12 in Shields
  9799 | D:14     | Reached skill level 1 in Throwing
  9871 | D:14     | Noticed a death knight
  9903 | D:14     | Killed a death knight
 10170 | D:13     | Reached skill level 13 in Shields
 10214 | D:13     | Killed a catoblepas
 10306 | D:13     | Reached skill level 10 in Fighting
 10350 | D:12     | Noticed Nergalle
 10360 | D:12     | Killed Nergalle
 10459 | D:12     | Killed Nessos
 10459 | D:12     | Reached XP level 13. HP: 113/113 MP: 12/12
 10505 | D:12     | Found a shattered altar of Ashenzari.
 11090 | Orc:1    | Entered Level 1 of the Orcish Mines
 11111 | Orc:1    | Paralysed by an orc sorcerer for 6 turns
 11371 | Orc:1    | Paralysed by an orc sorcerer for 2 turns
 11378 | Orc:1    | Reached skill level 14 in Shields
 11621 | Orc:2    | Entered Level 2 of the Orcish Mines
 11628 | Orc:2    | Found a staircase to the Elven Halls.
 11960 | Orc:2    | Found Depan's Food Shoppe.
 11961 | Orc:2    | Found Cainlesu's General Store.
 11963 | Orc:2    | Found Rometeps's Book Shop.
 11979 | Orc:2    | Noticed Snorg
 12054 | Orc:2    | Reached skill level 10 in Armour
 12159 | Orc:1    | Gained mutation: You are partially covered in large bone
                  | plates. (SH +4) [evolution]
 12177 | Orc:2    | Reached skill level 15 in Shields
 12184 | Orc:2    | Paralysed by an orc sorcerer for 4 turns
 12315 | Orc:1    | Killed Snorg
 12477 | Orc:2    | Reached XP level 14. HP: 124/124 MP: 13/13
 12517 | Orc:2    | Found Nefat's Jewellery Boutique.
 12541 | Orc:2    | Bought a +2 amulet of reflection for 112 gold pieces
 12541 | Orc:2    | Bought a scroll of holy word for 112 gold pieces
 12541 | Orc:2    | Bought a potion of heal wounds for 75 gold pieces
 12804 | Lair:1   | Entered Level 1 of the Lair of Beasts
 12918 | Lair:1   | Found a runed translucent gate.
 12918 | Lair:1   | Found a runed translucent gate.
 12918 | Lair:1   | Found a runed translucent gate.
 12920 | Lair:1   | Found a viscous altar of Jiyva.
 12920 | Lair:1   | Noticed emiel's ghost (novice MiBe)
 12947 | Lair:1   | Killed emiel's ghost
 12985 | Lair:1   | Got a scintillating silver ring
 12990 | Lair:1   | Became a worshipper of Jiyva Juil the Shapeless
 13022 | Lair:1   | Reached * piety under Jiyva
 13453 | Lair:2   | Noticed Erica
 13469 | Lair:2   | Killed Erica
 13720 | Lair:2   | Reached ** piety under Jiyva
 14338 | Lair:3   | Found a staircase to the Shoals.
 14372 | Shoals:1 | Entered Level 1 of the Shoals
 14590 | Shoals:3 | Noticed a kraken
 14601 | Shoals:3 | Reached skill level 16 in Shields
 14630 | Shoals:3 | Got a pitted leather armour
 14712 | Shoals:3 | Killed a kraken
 14768 | Shoals:3 | Identified the ring of the Solstice {rPois Str+2} (You
                  | found it on level 1 of the Lair of Beasts)
 14851 | Shoals:3 | Found Ruadiod's Magic Scroll Boutique.
 14880 | Shoals:3 | Found Etyoge's Antique Weapon Boutique.
 14883 | Shoals:3 | Bought a scroll of identify for 34 gold pieces
 14883 | Shoals:3 | Bought a scroll of identify for 34 gold pieces
 14883 | Shoals:3 | Bought a scroll of teleportation for 51 gold pieces
 14921 | Shoals:3 | Reached *** piety under Jiyva
 14953 | Shoals:3 | Lost mutation: Your flesh is cold resistant. (rC+) [Jiyva's
                  | grace]
 15007 | Shoals:4 | Entered Level 4 of the Shoals
 15115 | Shoals:4 | Reached **** piety under Jiyva
 15155 | Shoals:4 | Reached skill level 10 in Dodging
 15236 | Shoals:4 | Reached skill level 17 in Shields
 15260 | Shoals:4 | Gained mutation: Your muscles are very strong. (Str +4)
                  | [Jiyva's grace]
 15316 | Shoals:4 | HP: 4/127 [merfolk impaler/+5 trident of protection (18)]
 15394 | Shoals:4 | Reached XP level 15. HP: 41/134 MP: 14/14
 15597 | Shoals:4 | Found Wulilill's Gadget Boutique.
 15634 | Shoals:4 | Reached ***** piety under Jiyva
 15656 | Shoals:4 | Bought a wand of enslavement (8) for 140 gold pieces
 15656 | Shoals:4 | Bought a sack of spiders for 280 gold pieces
 15742 | Shoals:4 | Reached skill level 15 in Polearms
 15744 | Shoals:4 | Lost mutation: Your muscles are very strong. (Str +4)
                  | [Jiyva's grace]
 15911 | Shoals:4 | Got a barnacled rune of Zot
 15958 | Shoals:3 | Found Nuar's Distillery.
 15973 | Shoals:3 | Gained mutation: You expend magic power (3 MP) to
                  | strengthen your wands. [Jiyva's grace]
 15975 | Shoals:3 | Bought a potion of curing for 48 gold pieces
 15975 | Shoals:3 | Bought a potion of curing for 48 gold pieces
 15975 | Shoals:3 | Bought a potion of curing for 48 gold pieces
 16110 | Shoals:2 | Reached skill level 18 in Shields
 16181 | Shoals:2 | Reached ****** piety under Jiyva
 16184 | Shoals:2 | Gained mutation: You have a small jelly attached to you
                  | that may absorb incoming projectiles. [Jiyva's grace]
 16362 | Shoals:1 | Lost mutation: You evolve. [Jiyva's grace]
 16362 | Shoals:1 | Gained mutation: You are somewhat resistant to further
                  | mutation. [Jiyva's grace]
 16708 | Lair:3   | Lost mutation: You have a small jelly attached to you that
                  | may absorb incoming projectiles. [Jiyva's grace]
 16732 | Lair:3   | Noticed Fannar
 16754 | Lair:3   | Killed Fannar
 16876 | Lair:4   | Lost mutation: You are somewhat resistant to further
                  | mutation. [Jiyva's grace]
 16876 | Lair:4   | Gained mutation: You evolve. [Jiyva's grace]
 16951 | Lair:4   | Identified the ring "Domim" {rN+ Str+10} (You found it on
                  | level 11 of the Dungeon)
 17015 | Lair:4   | Noticed Urug
 17022 | Lair:4   | Killed Urug
 17023 | Lair:4   | Lost mutation: You evolve. [Jiyva's grace]
 17039 | Lair:4   | You fall through a shaft!
 17132 | Lair:5   | Got a fine spear
 17133 | Lair:5   | Gained mutation: You have acidic saliva. [Jiyva's grace]
 17240 | Lair:5   | Found a staircase to the Slime Pits.
 17249 | Slime:1  | Entered Level 1 of the Pits of Slime
 17282 | Slime:1  | Noticed an acid blob
 17283 | Slime:1  | Noticed an azure jelly
 17363 | Slime:1  | Noticed an acid blob
 17500 | Slime:2  | Noticed an acid blob
 17965 | Slime:4  | Noticed Dissolution
 17965 | Slime:4  | Noticed an acid blob
 17965 | Slime:4  | Noticed an acid blob
 18062 | Slime:5  | Entered Level 5 of the Pits of Slime
 18065 | Slime:5  | Gained mutation: You have sharp toenails. [Jiyva's grace]
 18069 | Slime:5  | Lost mutation: Your muscles are strong. (Str +2) [Jiyva's
                  | grace]
 18080 | Slime:5  | Noticed an azure jelly
 18082 | Slime:5  | Gained mutation: You are surrounded by a mild repulsion
                  | field. (EV +2) [Jiyva's grace]
 18101 | Slime:5  | Noticed an acid blob
 18143 | Slime:5  | Noticed an acid blob
 18153 | Slime:5  | Noticed an acid blob
 18160 | Slime:5  | Noticed the Royal Jelly
 18164 | Slime:5  | Noticed an acid blob
 18243 | Slime:5  | Found a viscous altar of Jiyva.
 18244 | Slime:5  | Noticed an acid blob
 18249 | Slime:5  | Got a brightly glowing falchion
 18252 | Slime:5  | Got a blackened mace
 18254 | Slime:5  | Got a slimy rune of Zot
 18255 | Slime:5  | Identified Lom Lobon's Papyrus of Confrontation
 18266 | Slime:5  | Identified the Compendium of the Pit
 18319 | Slime:5  | Noticed an azure jelly
 18325 | Slime:5  | Noticed an azure jelly
 18519 | Lair:4   | Lost mutation: You are partially covered in large bone
                  | plates. (SH +4) [Jiyva's grace]
 18714 | Lair:4   | Found a runed translucent gate.
 18714 | Lair:4   | Found a runed translucent gate.
 18714 | Lair:4   | Found a runed translucent gate.
 18714 | Lair:4   | Noticed kalagan's ghost (journeyman GrEE)
 18737 | Lair:4   | Killed kalagan's ghost
 18754 | Lair:4   | Reached skill level 19 in Shields
 18775 | Lair:4   | Lost mutation: You expend magic power (3 MP) to strengthen
                  | your wands. [Jiyva's grace]
 19165 | Lair:6   | Entered Level 6 of the Lair of Beasts
 19271 | Lair:6   | Found a gate leading to a gauntlet.
 19285 | Lair:6   | Lost mutation: You have sharp toenails. [Jiyva's grace]
 19292 | Gauntlet | Entered a Gauntlet
 19292 | Gauntlet | Found a transporter.
 19299 | Gauntlet | Found a transporter.
 19301 | Gauntlet | Found a transporter.
 19313 | Gauntlet | Found a transporter.
 19316 | Gauntlet | Found a transporter.
 19317 | Gauntlet | Found a runed translucent door.
 19319 | Gauntlet | Found a runed translucent door.
 19322 | Gauntlet | Found a transporter.
 19343 | Gauntlet | Found a transporter.
 19350 | Gauntlet | Found a transporter.
 19355 | Gauntlet | Found a transporter.
 19355 | Gauntlet | Found a transporter.
 19358 | Gauntlet | Found a runed translucent door.
 19376 | Gauntlet | Found a transporter.
 19377 | Gauntlet | Found a transporter.
 19456 | Gauntlet | Reached XP level 16. HP: 144/144 MP: 15/15
 19509 | Gauntlet | Found a transporter.
 19546 | Gauntlet | Found a runed translucent gate.
 19546 | Gauntlet | Found a runed translucent gate.
 19546 | Gauntlet | Found a runed translucent gate.
 19613 | Gauntlet | Got a transparent tin ring
 19713 | Lair:6   | Identified the ring of Xuix {MR+ Dex+3} (You found it in a
                  | Gauntlet)
 19812 | Lair:6   | Gained mutation: You are partially covered in yellow
                  | scales. (AC +2) [Jiyva's grace]
 19843 | Lair:6   | Gained mutation: Your translucent skin slightly reduces
                  | your foes' accuracy. (Stealth) [Jiyva's grace]
 19934 | Lair:6   | Lost mutation: You are surrounded by a mild repulsion
                  | field. (EV +2) [Jiyva's grace]
 20354 | Lair:6   | Found a large runed translucent door.
 20355 | Lair:6   | Found a large runed translucent door.
 20746 | Lair:6   | Gained mutation: You have very sharp teeth. [Jiyva's grace]
 21333 | Elf:1    | Entered Level 1 of the Elven Halls
 21413 | Elf:1    | Reached skill level 20 in Shields
 21432 | Elf:2    | Found Icsoemn's Jewellery Shoppe.
 21436 | Elf:2    | Bought the ring "Xiosered" {rElec rPois MR+ Slay+2} for 672
                  | gold pieces
 21474 | Elf:2    | Lost mutation: You are partially covered in yellow scales.
                  | (AC +2) [potion of mutation]
 21474 | Elf:2    | Lost mutation: You have acidic saliva. [potion of mutation]
 21474 | Elf:2    | Lost mutation: You have very sharp teeth. [potion of
                  | mutation]
 21474 | Elf:2    | Lost mutation: Your translucent skin slightly reduces your
                  | foes' accuracy. (Stealth) [potion of mutation]
 21474 | Elf:2    | Gained mutation: You are resistant to hostile enchantments.
                  | (MR+) [potion of mutation]
 21474 | Elf:2    | Gained mutation: You have large cloven feet. [potion of
                  | mutation]
 21501 | Elf:3    | Entered Level 3 of the Elven Halls
 21529 | Elf:3    | Gained mutation: Your rubbery body absorbs attacks. (AC +1,
                  | EV +1) [Jiyva's grace]
 21532 | Elf:3    | Noticed a deep elf blademaster
 21533 | Elf:3    | Noticed a deep elf master archer
 21557 | Elf:3    | Noticed a deep elf blademaster
 21558 | Elf:3    | Noticed an Executioner
 21559 | Elf:3    | Slimified a deep elf blademaster
 21559 | Elf:3    | Noticed an acid blob
 21559 | Elf:3    | a deep elf blademaster changed into an acid blob
 21563 | Elf:3    | Killed an acid blob
 21588 | Elf:3    | Noticed a deep elf master archer
 21741 | Elf:2    | Killed a deep elf blademaster
 21744 | Elf:2    | Gained mutation: Your muscles are strong. (Str +2) [Jiyva's
                  | grace]
 21794 | Elf:3    | Killed a deep elf master archer
 21830 | Elf:2    | Gained mutation: You have a small jelly attached to you
                  | that may absorb incoming projectiles. [Jiyva's grace]
 21835 | Elf:3    | Killed a deep elf master archer
 21865 | Elf:3    | Noticed an Ice Fiend
 21886 | Elf:3    | Lost mutation: You have large cloven feet. [Jiyva's grace]
 21902 | Elf:3    | Noticed a deep elf blademaster
 21914 | Elf:3    | Killed a deep elf blademaster
 21955 | Elf:3    | Noticed a deep elf blademaster
 21955 | Elf:3    | Gained mutation: Your flesh is cold resistant. (rC+)
                  | [Jiyva's grace]
 21975 | Elf:3    | Slimified a deep elf blademaster
 21975 | Elf:3    | Noticed an acid blob
 21975 | Elf:3    | a deep elf blademaster changed into an acid blob
 22008 | Elf:3    | Noticed a Hell Sentinel
 22019 | Elf:3    | Noticed an Executioner
 22019 | Elf:3    | Noticed a Hell Sentinel
 22080 | Elf:2    | Lost mutation: Your flesh is cold resistant. (rC+) [Jiyva's
                  | grace]
 22180 | Elf:2    | Reached XP level 17. HP: 132/152 MP: 16/16
 22202 | Elf:2    | Reached skill level 21 in Shields
 22203 | Elf:2    | Lost mutation: Your rubbery body absorbs attacks. (AC +1,
                  | EV +1) [Jiyva's grace]
 22255 | Elf:3    | Gained mutation: You are covered in slimy tendrils that may
                  | disarm your opponents. [Jiyva's grace]
 22285 | Elf:3    | Noticed a Hell Sentinel
 22317 | Elf:3    | Lost mutation: You are resistant to hostile enchantments.
                  | (MR+) [Jiyva's grace]
 22491 | Elf:3    | Gained mutation: Armour fits poorly on your pseudopods.
                  | [Jiyva's grace]
 22615 | Elf:3    | Lost mutation: Your muscles are strong. (Str +2) [Jiyva's
                  | grace]
 22630 | Elf:3    | Identified the +7 morningstar of Wariness {crush, Dex+3}
 22640 | Elf:3    | Identified the ring of Yleutugh {rElec MP+9 Str+3 Int+4}
 22657 | Elf:3    | Lost mutation: You are covered in slimy tendrils that may
                  | disarm your opponents. [Jiyva's grace]
 22672 | Elf:3    | Gained mutation: You evolve. [Jiyva's grace]
 22687 | Elf:3    | Lost mutation: You have a small jelly attached to you that
                  | may absorb incoming projectiles. [Jiyva's grace]
 22688 | Elf:3    | Got a heavily runed large shield
 22703 | Elf:3    | Identified the +7 large shield "Vamaitohu" {rF+ rN+ Dex+3}
                  | (You found it on level 3 of the Elven Halls)
 22792 | Elf:3    | Found a portal to a secret trove of treasure.
 22871 | Elf:3    | Noticed Bai Suzhen
 22884 | Elf:3    | Slimified Bai Suzhen
 22884 | Elf:3    | Noticed Bai Suzhen
 22884 | Elf:3    | Bai Suzhen changed into Bai Suzhen the acid blob
 22887 | Elf:3    | Noticed an acid blob
 22887 | Elf:3    | a deep elf knight changed into an acid blob
 22969 | Elf:3    | Noticed Asterion
 22989 | Elf:3    | Killed Asterion
 23015 | Elf:3    | Found Wamaxadgh's Magic Scroll Shop.
 23057 | Elf:3    | Bought a scroll of identify for 30 gold pieces
 23057 | Elf:3    | Bought a scroll of identify for 30 gold pieces
 23057 | Elf:3    | Bought a scroll of identify for 30 gold pieces
 23057 | Elf:3    | Bought a scroll of identify for 30 gold pieces
 23057 | Elf:3    | Bought a scroll of identify for 30 gold pieces
 23057 | Elf:3    | Bought a scroll of identify for 30 gold pieces
 23062 | Elf:3    | Gained mutation: You are robust. (+10% HP) [Jiyva's grace]
 23149 | Elf:3    | Gained mutation: You are resistant to electric shocks.
                  | (rElec) [evolution]
 23542 | Elf:2    | Found a runed translucent gate.
 23542 | Elf:2    | Found a runed translucent gate.
 23542 | Elf:2    | Found a runed translucent gate.
 23546 | Elf:2    | Lost mutation: You evolve. [Jiyva's grace]
 23546 | Elf:2    | Gained mutation: You are somewhat resistant to further
                  | mutation. [Jiyva's grace]
 23592 | Elf:2    | Noticed a deep elf blademaster
 23624 | Elf:2    | Killed a deep elf blademaster
 23624 | Elf:2    | Reached skill level 22 in Shields
 23635 | Elf:2    | Gained mutation: You are very robust. (+20% HP) [Jiyva's
                  | grace]
 23768 | Elf:2    | Lost mutation: Armour fits poorly on your pseudopods.
                  | [Jiyva's grace]
 23822 | Elf:2    | Cast into level 2 of the Abyss (+1 glaive of distortion)
 23822 | Abyss:2  | Found a corrupted altar of Lugonu.
 24094 | Elf:2    | Escaped the Abyss
 24330 | Temple   | Gained mutation: You have acidic saliva. [Jiyva's grace]
 24609 | Elf:1    | Reached skill level 15 in Fighting
 24632 | Elf:1    | Reached XP level 18. HP: 195/195 MP: 17/17
 24922 | Elf:1    | Lost mutation: You have acidic saliva. [Jiyva's grace]
 25183 | Elf:1    | Found a runed translucent door.
 25183 | Elf:1    | Found a shimmering altar of Xom.
 25183 | Elf:1    | Noticed kalagan's ghost (journeyman GrEE)
 25228 | Elf:1    | Identified the +6 spear of the Extremes {freeze, MR+ Str+4}
                  | (You found it on level 1 of the Elven Halls)
 25272 | Elf:1    | Killed kalagan's ghost
 25357 | Elf:1    | Lost mutation: You are very robust. (+20% HP) [Jiyva's
                  | grace]
 25540 | D:13     | Gained mutation: You are covered in slimy tendrils that may
                  | disarm your opponents. [Jiyva's grace]
 25575 | D:13     | Gained mutation: You can translocate small distances at
                  | will. [Jiyva's grace]
 25613 | D:13     | Found a gate to the Vaults.
 25618 | Vaults:1 | Entered Level 1 of the Vaults
 25647 | Vaults:1 | Reached skill level 23 in Shields
 25702 | Vaults:1 | Gained mutation: Your natural rate of healing is unusually
                  | fast. [Jiyva's grace]
 25728 | Vaults:1 | Gained mutation: You expend magic power (3 MP) to
                  | strengthen your wands. [Jiyva's grace]
 25760 | Vaults:1 | Found Huid's General Store.
 25974 | Vaults:1 | Gained mutation: Your flesh is heat resistant. (rF+)
                  | [Jiyva's grace]
 26105 | Vaults:1 | Lost mutation: You are covered in slimy tendrils that may
                  | disarm your opponents. [Jiyva's grace]
 26119 | Vaults:1 | Gained mutation: You have sharp toenails. [Jiyva's grace]
 26681 | Vaults:2 | Gained mutation: Armour fits poorly on your pseudopods.
                  | [Jiyva's grace]
 26712 | Vaults:2 | Gained mutation: You are surrounded by a mild repulsion
                  | field. (EV +2) [Jiyva's grace]
 26725 | Vaults:2 | Lost mutation: You can translocate small distances at will.
                  | [Jiyva's grace]
 26726 | Vaults:2 | Found a staircase to the Crypt.
 26752 | Crypt:1  | Entered Level 1 of the Crypt
 26912 | Crypt:1  | Gained mutation: You have an increased reservoir of magic.
                  | (+10% MP) [Jiyva's grace]
 27227 | Crypt:1  | Lost mutation: You expend magic power (3 MP) to strengthen
                  | your wands. [Jiyva's grace]
 27664 | Crypt:2  | Reached skill level 24 in Shields
 27783 | Crypt:2  | Gained mutation: You have acidic saliva. [Jiyva's grace]
 27900 | Crypt:3  | Entered Level 3 of the Crypt
 27937 | Crypt:3  | Reached XP level 19. HP: 189/189 MP: 19/19
 28216 | Crypt:3  | Gained mutation: You have razor-sharp toenails. [Jiyva's
                  | grace]
 28364 | Crypt:3  | Found an ancient bone altar of Kikubaaqudgha.
 28364 | Crypt:3  | Noticed an ancient lich
 28383 | Crypt:3  | Killed an ancient lich
 28459 | Crypt:3  | Got a jewelled dagger
 28460 | Crypt:3  | Identified the +11 dagger "Nimojen" {pierce, rElec rF++}
                  | (You found it on level 3 of the Crypt)
 28498 | Crypt:3  | Noticed a lich
 28507 | Crypt:3  | Killed a lich
 28534 | Crypt:3  | Gained mutation: Your flesh is very heat resistant. (rF++)
                  | [Jiyva's grace]
 28603 | Crypt:3  | Reached skill level 5 in Stealth
 28606 | Crypt:3  | Lost mutation: You are robust. (+10% HP) [Jiyva's grace]
 28618 | Crypt:3  | Lost mutation: Your natural rate of healing is unusually
                  | fast. [Jiyva's grace]
 28692 | Crypt:3  | Noticed a bone dragon
 28729 | Crypt:3  | Killed a bone dragon
 28798 | Crypt:3  | Lost mutation: You are resistant to electric shocks.
                  | (rElec) [Jiyva's grace]
 28873 | Crypt:3  | Found a staircase to the Tomb.
 28882 | Tomb:1   | Entered Level 1 of the Tomb of the Ancients
 28918 | Tomb:1   | Got a pair of heavily runed boots
 28926 | Tomb:1   | Identified the cursed +0 pair of boots of Liett {Dex+4
                  | Slay+2} (You found it on level 1 of the Tomb of the
                  | Ancients)
 29013 | Tomb:1   | Reached skill level 25 in Shields
 29068 | Tomb:1   | Noticed a greater mummy
 29259 | Tomb:1   | Lost mutation: You are somewhat resistant to further
                  | mutation. [Jiyva's grace]
 29293 | Tomb:1   | Slimified a greater mummy
 29293 | Tomb:1   | a greater mummy changed into a death ooze
 29566 | Tomb:1   | Noticed a greater mummy
 29848 | Tomb:1   | Killed a greater mummy
 30492 | Tomb:1   | Killed from afar by a mummy priest

Skill      XL: |  1  2  3  4  5  6  7  8  9 10 11 12 13 14 15 16 17 18 19 |
---------------+----------------------------------------------------------+-----
Fighting       | 4 5 6 7 8 9 10 11 12 13 14 15 16 | 16.9
Long Blades    | 3 4 5 7 8 |  8.2
Armour         | 4 5 6 7 8 9 10 11 12 13 | 13.1
Shields        | 4 5 6 8 9 10 11 13 15 17 19 20 22 24 25 | 25.3
Dodging        | 1 2 4 5 7 8 9 10 11 12 13 | 13.4
Polearms       | 4 7 10 12 13 14 15 16 17 18 | 18.0
Stealth        | 1 2 3 4 5 |  5.0
Throwing       | 1 2 3 |  3.7
Evocations     | |  0.7

Action                   |  1- 3 |  4- 6 |  7- 9 | 10-12 | 13-15 | 16-18 | 19-21 || total
-------------------------+-------+-------+-------+-------+-------+-------+-------++-------
Melee: Long sword        |   108 |    82 |   132 |       |       |       |       ||   322
       Headbutt          |    14 |    17 |    76 |   189 |   402 |   723 |   296 ||  1717
       Trident           |       |       |   181 |   687 |  1210 |  1764 |   613 ||  4455
       Bite              |       |       |       |       |    39 |    91 |   168 ||   298
       Pseudopods        |       |       |       |       |       |   274 |   282 ||   556
Throw: Tomahawk          |       |       |       |    11 |    21 |       |       ||    32
       Javelin           |       |       |       |       |     7 |       |       ||     7
Invok: Request Jelly     |       |       |       |       |    17 |    26 |     6 ||    49
       Slimify           |       |       |       |       |     2 |    24 |     7 ||    33
Evoke: Wand              |       |       |       |     1 |     1 |     1 |     1 ||     4
       Box of beasts     |       |       |       |       |     1 |       |     1 ||     2
       Sack of spiders   |       |       |       |       |       |       |     4 ||     4
       Fan of gales      |       |       |       |       |       |       |     1 ||     1
       Lightning rod     |       |       |       |       |       |       |     1 ||     1
       Phial of floods   |       |       |       |       |       |       |     1 ||     1
       Phantom mirror    |       |       |       |       |       |       |     1 ||     1
  Use: Scroll            |     3 |     3 |    10 |    12 |    17 |    16 |     8 ||    69
       Potion            |       |       |     2 |    21 |    20 |     9 |     6 ||    58
 Stab: Sleeping          |       |       |     1 |       |       |     6 |     1 ||     8
       Invisible         |       |       |       |     5 |     1 |       |       ||     6
       Petrified         |       |       |       |     3 |       |       |       ||     3
       Confused          |       |       |       |       |       |     1 |       ||     1
       Distracted        |       |       |       |       |       |     4 |     2 ||     6
  Eat: Chunk             |     1 |     4 |    14 |     9 |     7 |       |       ||    35
       Ration            |       |       |     1 |     2 |     2 |       |       ||     5
Armor: Scale mail        |    57 |    30 |   118 |    90 |       |       |       ||   295
       Leather armour    |       |       |     8 |    37 |       |       |       ||    45
       Ice dragon scales |       |       |       |    99 |   425 |   347 |    80 ||   951
       Ring mail         |       |       |       |     3 |       |       |       ||     3
Dodge: Dodged            |    37 |    19 |   143 |   370 |   686 |   550 |   182 ||  1987
Block: Shield            |    70 |    41 |   166 |   413 |  1266 |   566 |       ||  2522
       Reflection        |       |       |       |       |    68 |   105 |     5 ||   178
       Large shield      |       |       |       |       |       |  1275 |   822 ||  2097
       Rpst.: Long sword |    13 |     6 |     9 |       |       |       |       ||    28
